[Event "Titled Tuesday Blitz March 21 Early 2023"]
[White "Howell, David W L"]
[Black "Bronstein, Or"]
[WhiteFideId "410608"]
[BlackFideId "2815770"]
[WhiteElo "2567"]
[BlackElo "2356"]
[Result "1-0"]
[Round "02"]
[TimeControl "180+2"]
[Date "2023.03.21"]
[WhiteClock "0:00:15"]
[BlackClock "0:00:12"]

1. d4 Nf6 2. Bf4 b6 3. e3 Bb7 4. Nf3 g6 5. h3 Bg7 6. Be2 O-O 7. O-O d6 8. Bh2 Nbd7 9. a4 a6 10. Nbd2 Re8 11. c3 e5 12. Qb3 e4 13. Ne1 a5 14. Nc2 Qe7 15. Na3 h5 16. Nb5 Nf8 17. Nc4 Bd5 18. Qa3 Bxc4 19. Bxc4 d5 20. Be2 Ne6 21. c4 c6 22. Nd6 Red8 23. Nxe4 Qe8 24. Nxf6+ Bxf6 25. cxd5 Rxd5 26. Bf3 Rf5 27. Be4 Nxd4 28. Bxf5 Nxf5 29. Rad1 b5 30. b3 b4 31. Qc1 Bc3 32. Qc2 Qe6 33. Rd3 Re8 34. Rfd1 c5 35. Rd8 Kg7 36. Rxe8 Qxe8 37. Qd3 Qe6 38. Qd5 Qxd5 39. Rxd5 c4 40. bxc4 b3 41. Kf1 b2 42. Rb5 Kf8 43. Rb3 Ke7 44. Ke2 Nd6 45. Kd3 Bg7 46. Bxd6+ Kxd6 47. Rb5 Kc6 48. Kc2 f5 49. Rxa5 h4 50. Rb5 Bf6 51. a5 Kc7 52. a6 1-0


[Site "https://www.chess.com"]

[Event "Titled Tuesday Blitz March 21 Early 2023"]
[White "Korchmar, Vasiliy"]
[Black "Le, Tuan Minh"]
[WhiteFideId "24131750"]
[BlackFideId "12401153"]
[WhiteElo "2370"]
[BlackElo "2558"]
[Result "0-1"]
[Round "02"]
[TimeControl "180+2"]
[Date "2023.03.21"]
[WhiteClock "0:00:01"]
[BlackClock "0:00:05"]

1. e4 c5 2. Nf3 Nf6 3. e5 Nd5 4. Nc3 e6 5. Nxd5 exd5 6. d4 Nc6 7. dxc5 Bxc5 8. Bd3 d6 9. exd6 Qxd6 10. O-O O-O 11. c3 Re8 12. Be3 Bxe3 13. fxe3 h6 14. Qd2 Bg4 15. Nd4 Re7 16. Rf4 Bd7 17. Raf1 Rae8 18. R1f3 Ne5 19. Rg3 Nxd3 20. Qxd3 Rxe3 21. Rxe3 Qxf4 22. Rxe8+ Bxe8 23. Qe2 Bd7 24. h3 Qe4 25. Kf2 f5 26. g3 Kf7 27. h4 Kf6 28. Qe3 g5 29. hxg5+ hxg5 30. Nf3 Qxe3+ 31. Kxe3 Bb5 32. Nd4 Bf1 33. a4 Bg2 34. a5 Ke5 35. Ne2 Be4 36. b4 Bg2 37. Nd4 f4+ 38. gxf4+ gxf4+ 39. Kf2 Be4 40. Nb5 a6 41. Nd4 Bd3 42. Nb3 Bb5 43. Nc5 Bc6 44. Kf3 d4+ 45. Ke2 dxc3 46. Kd3 f3 47. Kxc3 Bb5 48. Nb3 f2 0-1


[Site "https://www.chess.com"]

[Event "Titled Tuesday Blitz March 21 Early 2023"]
[White "Paravyan, David"]
[Black "Darini, Pouria"]
[WhiteFideId "4194985"]
[BlackFideId "12502200"]
[WhiteElo "2577"]
[BlackElo "2482"]
[Result "1-0"]
[Round "02"]
[TimeControl "180+2"]
[Date "2023.03.21"]
[WhiteClock "0:00:46"]
[BlackClock "0:00:05"]

1. Nf3 d5 2. d4 Nf6 3. c4 e6 4. g3 Bb4+ 5. Bd2 a5 6. Bg2 O-O 7. Qc1 c5 8. cxd5 cxd4 9. Nxd4 Qb6 10. Nc2 exd5 11. Nxb4 axb4 12. O-O h6 13. Rd1 Nc6 14. Bxh6 gxh6 15. Qxh6 Qxf2+ 16. Kh1 Qf5 17. Rf1 Ng4 18. Qh4 Qh7 19. Qg5+ Qg7 20. Qf4 Qe5 21. Qc1 Ne3 22. Rf2 Nxg2 23. Kxg2 Bf5 24. Nd2 Be4+ 25. Nxe4 Qxe4+ 26. Kg1 Ne7 27. Qg5+ Ng6 28. h4 Qe5 29. Rf5 Qe7 30. Rf6 Ra6 31. Rxg6+ Rxg6 32. Qxe7 Rxg3+ 33. Kh2 Rg6 34. Rg1 1-0


[Site "https://www.chess.com"]

[Event "Titled Tuesday Blitz March 21 Early 2023"]
[White "Matinian, Nikita"]
[Black "Shimanov, Aleksandr"]
[WhiteFideId "24129100"]
[BlackFideId "4198603"]
[WhiteElo "2422"]
[BlackElo "2631"]
[Result "0-1"]
[Round "02"]
[TimeControl "180+2"]
[Date "2023.03.21"]
[WhiteClock "0:00:02"]
[BlackClock "0:00:47"]

1. e4 e6 2. Qe2 c5 3. b3 Nc6 4. Bb2 Nf6 5. Nf3 Be7 6. Nc3 Nd4 7. Qd3 Nc6 8. O-O-O O-O 9. Rg1 d5 10. Kb1 d4 11. e5 Ng4 12. Ne4 Ngxe5 13. Nxe5 Nxe5 14. Qg3 Ng6 15. f4 Qc7 16. Bc4 Qxf4 17. Qe1 Bd7 18. g3 Qe5 19. h4 Bc6 20. Bd3 b5 21. h5 Qxh5 22. Qf2 Rad8 23. Rh1 Qd5 24. Rxh7 Kxh7 25. Qh2+ Kg8 26. Rh1 f5 27. Qh7+ Kf7 28. Rh6 Ne5 29. Nf2 Rh8 0-1


[Site "https://www.chess.com"]

[Event "Titled Tuesday Blitz March 21 Early 2023"]
[White "Martinez Reyes, Pedro Ramon"]
[Black "Pranav, V"]
[WhiteFideId "3901807"]
[BlackFideId "25060783"]
[WhiteElo "2340"]
[BlackElo "2500"]
[Result "0-1"]
[Round "02"]
[TimeControl "180+2"]
[Date "2023.03.21"]
[WhiteClock "0:00:12"]
[BlackClock "0:00:08"]

1. e4 e5 2. Nf3 Nc6 3. d4 exd4 4. Nxd4 Bc5 5. Nxc6 Qf6 6. Qf3 bxc6 7. Be2 d6 8. Nc3 Qxf3 9. gxf3 Ne7 10. Rg1 O-O 11. h4 f5 12. Bg5 Ng6 13. h5 Ne5 14. f4 Ng4 15. Bxg4 fxg4 16. h6 d5 17. Na4 Bb6 18. Nxb6 axb6 19. exd5 cxd5 20. Kd2 Bf5 21. Rae1 gxh6 22. Bxh6 Rf6 23. Rh1 Rc6 24. c3 Be4 25. Rh4 Rxa2 26. Rxg4+ Rg6 27. Rxg6+ hxg6 28. Kc1 Kf7 29. Bg5 c5 30. f3 Bxf3 31. Re7+ Kf8 32. Re6 Ra1+ 33. Kd2 d4 34. cxd4 cxd4 35. Rxb6 Rd1+ 36. Kc2 d3+ 37. Kc3 Be4 38. Rd6 Rc1+ 39. Kd2 Rc2+ 40. Ke3 Bf5 41. b4 Rb2 42. Rd8+ Kf7 43. Rb8 Re2+ 44. Kf3 Be4+ 45. Kg3 d2 46. Rd8 Bc2 47. f5 d1=Q 48. fxg6+ Kxg6 49. Rxd1 Bxd1 50. Bf4 Bc2 51. Bd6 Be4 52. Kf4 Bd5 53. b5 Rb2 54. Be5 Rxb5 55. Bd4 Rb4 56. Ke5 Rb5 57. Bc5 Rxc5 58. Kd4 Ra5 59. Ke3 Kf5 60. Kf2 Kf4 61. Kg1 0-1


[Site "https://www.chess.com"]

[Event "Titled Tuesday Blitz March 21 Early 2023"]
[White "Deac, Bogdan-Daniel"]
[Black "De Silva, L M S T"]
[WhiteFideId "1226380"]
[BlackFideId "9953698"]
[WhiteElo "2649"]
[BlackElo "2403"]
[Result "1-0"]
[Round "02"]
[TimeControl "180+2"]
[Date "2023.03.21"]
[WhiteClock "0:00:55"]
[BlackClock "0:02:16"]

1. b3 e5 2. Bb2 Nc6 3. Nf3 e4 4. Nd4 Nf6 5. e3 Nxd4 6. Bxd4 Be7 7. c4 b6 8. Nc3 Bb7 9. g4 c5 10. Be5 d6 11. Bg3 h6 12. h4 h5 13. g5 Ng4 14. Bg2 f5 15. gxf6 Nxf6 16. Qc2 d5 17. cxd5 Nxd5 18. Qxe4 1-0


[Site "https://www.chess.com"]

[Event "Titled Tuesday Blitz March 21 Early 2023"]
[White "Chernobay, Artem"]
[Black "Alekseenko, Kirill"]
[WhiteFideId "4167406"]
[BlackFideId "4135539"]
[WhiteElo "2474"]
[BlackElo "2683"]
[Result "0-1"]
[Round "02"]
[TimeControl "180+2"]
[Date "2023.03.21"]
[WhiteClock "0:00:03"]
[BlackClock "0:00:21"]

1. e4 e5 2. Nc3 Nc6 3. g3 Bc5 4. Bg2 a6 5. d3 d6 6. Nge2 Be6 7. Nd5 Nge7 8. c3 Qd7 9. d4 Ba7 10. f4 exd4 11. Nxe7 Nxe7 12. f5 Bc4 13. Nxd4 f6 14. b3 Bf7 15. c4 O-O-O 16. O-O d5 17. cxd5 Nxd5 18. exd5 Bxd5 19. Be3 Bxg2 20. Kxg2 Bxd4 21. Bxd4 Qxd4 22. Qxd4 Rxd4 23. Rae1 Rhd8 24. Re7 R4d7 25. Rfe1 c6 26. Kf3 Kc7 27. h4 c5 28. g4 h6 29. Kf4 Rxe7 30. Rxe7+ Rd7 31. Re8 Rd4+ 32. Kf3 b5 33. Re7+ Rd7 34. Re6 Kb7 35. g5 hxg5 36. hxg5 fxg5 37. Rg6 c4 38. bxc4 bxc4 39. Rxg5 Kb6 40. Ke4 c3 41. Rg3 Rc7 42. Rg1 c2 43. Rc1 Rc5 44. Kd4 Kc6 45. a4 Kd6 46. Ke4 Rc4+ 47. Kd3 Kd5 48. a5 Rc8 49. Ke3 Ke5 0-1


[Site "https://www.chess.com"]

[Event "Titled Tuesday Blitz March 21 Early 2023"]
[White "Terry, Renato"]
[Black "Starozhilov, Leonid"]
[WhiteFideId "3803457"]
[BlackFideId "14106752"]
[WhiteElo "2579"]
[BlackElo "2402"]
[Result "1/2-1/2"]
[Round "02"]
[TimeControl "180+2"]
[Date "2023.03.21"]
[WhiteClock "0:00:39"]
[BlackClock "0:00:05"]

1. d4 Nf6 2. Nf3 g6 3. Bg5 Bg7 4. c3 d6 5. Nbd2 h6 6. Bh4 c5 7. dxc5 dxc5 8. e4 Nc6 9. Be2 g5 10. Bg3 Nh5 11. O-O Nxg3 12. hxg3 O-O 13. Re1 b6 14. Qc2 Qc7 15. Nc4 Bb7 16. Ne3 e6 17. a4 Rad8 18. Nh2 Ne5 19. Nhg4 Nxg4 20. Bxg4 Rd7 21. Rad1 Rfd8 22. Bf3 Bc6 23. Nc4 Rxd1 24. Rxd1 Rxd1+ 25. Bxd1 a6 26. Ne3 b5 27. axb5 axb5 28. Bf3 c4 29. Qd2 Qd7 30. Qc1 Qd3 31. Nc2 Bxe4 32. Nb4 Qb1 33. Qxb1 Bxb1 34. Bc6 Bf8 35. Bxb5 Bxb4 36. cxb4 Bd3 37. b3 Kf8 38. bxc4 Ke7 39. f4 f6 40. Kf2 e5 41. Ke3 Bf1 42. Kf2 Bd3 43. fxe5 fxe5 44. Ba6 Kd7 45. Ke3 Bf1 46. Kf2 Bd3 47. Kf3 h5 48. Kf2 Kc7 49. Kf3 Kb6 50. Bb5 Kc7 51. Ke3 Bf1 52. Kf2 Bd3 53. Ke1 Kc8 54. Kd2 Bf1 55. Ke3 Bxg2 56. c5 h4 57. Kf2 h3 58. g4 Kc7 59. Kg3 e4 60. Be2 e3 61. b5 Kb7 62. Kh2 Kc7 63. Kg1 Kb7 64. Bd3 Kc7 65. Bc4 Kb7 66. b6 Kc6 67. Ba6 Kxc5 68. b7 Bxb7 69. Bxb7 Kd4 70. Kf1 Ke5 71. Ke2 Kf4 72. Bc8 h2 73. Bb7 Kxg4 74. Kxe3 Kh3 75. Kf2 g4 76. Bg2+ Kh4 77. Be4 g3+ 78. Kg2 h1=Q+ 79. Kxh1 g2+ 80. Kxg2 1/2-1/2


[Site "https://www.chess.com"]

[Event "Titled Tuesday Blitz March 21 Early 2023"]
[White "Nguyen, Ngoc Truong Son"]
[Black "Itgelt, Khuyagtsogt"]
[WhiteFideId "12401110"]
[BlackFideId "4902912"]
[WhiteElo "2571"]
[BlackElo "2227"]
[Result "1-0"]
[Round "02"]
[TimeControl "180+2"]
[Date "2023.03.21"]
[WhiteClock "0:00:04"]
[BlackClock "0:00:01"]

1. d4 Nf6 2. c4 g6 3. Nc3 d5 4. Nf3 Bg7 5. cxd5 Nxd5 6. e4 Nxc3 7. bxc3 c5 8. Bb5+ Bd7 9. Bxd7+ Qxd7 10. O-O O-O 11. Be3 cxd4 12. cxd4 Nc6 13. Rc1 Rfc8 14. Qa4 Ne5 15. Rxc8+ Rxc8 16. Qxa7 Nxf3+ 17. gxf3 Rd8 18. d5 Qh3 19. Bf4 Qxf3 20. Qe3 Qg4+ 21. Bg3 h5 22. Kg2 Ra8 23. a3 Ra4 24. f3 Qc8 25. Rc1 Rc4 26. Rxc4 Qxc4 27. Qb6 Kh7 28. Bf2 Qe2 29. a4 h4 30. h3 Be5 31. Qe3 Qa2 32. f4 Bb8 33. Qd4 Bxf4 34. Kf3 Qd2 35. Qxd2 Bxd2 36. Bxh4 f6 37. e5 Kg7 38. Ke4 Bc3 39. d6 exd6 40. exd6 Kf7 41. Kd5 g5 42. Bf2 Ba5 43. Bd4 f5 44. Ke5 g4 45. h4 g3 46. Kxf5 g2 47. Ke4 Bc3 48. Bg1 Bf6 49. h5 Ke6 50. Kf3 Kxd6 51. Kxg2 Kd5 52. Kf3 Kc4 53. Ke4 Kb4 54. h6 1-0


[Site "https://www.chess.com"]

[Event "Titled Tuesday Blitz March 21 Early 2023"]
[White "Aggelis, Nikolaos"]
[Black "Lenderman, Aleksandr"]
[WhiteFideId "4213220"]
[BlackFideId "2021285"]
[WhiteElo "2189"]
[BlackElo "2607"]
[Result "0-1"]
[Round "02"]
[TimeControl "180+2"]
[Date "2023.03.21"]
[WhiteClock "0:00:03"]
[BlackClock "0:01:13"]

1. d4 d5 2. g3 Nf6 3. Nf3 c6 4. Bg2 h6 5. O-O Bf5 6. c4 e6 7. Qb3 Qb6 8. c5 Qc7 9. Nc3 Nbd7 10. Bf4 Qc8 11. Qd1 Be7 12. h4 O-O 13. b4 Ne4 14. Qb3 Bf6 15. Rfd1 Re8 16. e3 a5 17. a3 b6 18. Nxe4 Bxe4 19. Rac1 axb4 20. axb4 bxc5 21. bxc5 Bxf3 22. Bxf3 e5 23. dxe5 Nxe5 24. Be2 Qf5 25. Qc2 Qh3 26. Bxe5 Bxe5 27. Bf1 Qg4 28. Qe2 Qg6 29. Qd3 Qf6 30. Bh3 Ra2 31. Qf5 Qxf5 32. Bxf5 Re7 33. Rc2 Ra5 34. Rb1 g6 35. Bh3 d4 36. exd4 Bxd4 37. Rb6 Rc7 38. Bg2 Bxc5 39. Rxc6 Rxc6 40. Bxc6 Kg7 41. Kg2 Bd4 42. Be4 Bf6 43. Bf3 Ra7 44. Rd2 h5 45. Bc6 Rc7 46. Be4 Rc4 47. Bd5 Rc7 48. Be4 Be5 49. Rc2 Re7 50. Bd5 Bd6 51. Rb2 Re5 52. Bc4 Rf5 53. Bd3 Rf6 54. Be4 Bc5 55. Bf3 Bd4 56. Re2 Bb6 57. Re4 Rd6 58. Re2 Rd7 59. Re4 Rc7 60. Re2 Ba7 61. Re4 Kh6 62. Re2 f6 63. Rd2 Re7 64. Re2 Rf7 65. Bd5 Rd7 66. Be6 Rc7 67. Bd5 Bd4 68. Rd2 Be5 69. Re2 Rc3 70. Be4 Ra3 71. Bd5 Bd4 72. Be4 f5 73. Bd5 f4 74. gxf4 Bf6 75. Re6 Kg7 76. Be4 Ra4 77. f5 gxf5 78. Bxf5 Rxh4 79. Bh3 Ra4 80. Bf5 Ra5 81. Be4 Kf7 82. Rb6 Be7 83. Rh6 h4 84. f3 Rg5+ 85. Kh3 Rg3+ 86. Kh2 Bg5 87. Rh7+ Kf6 88. Rh8 Ke5 89. Rg8 Kf4 90. Rf8+ Ke3 91. Rg8 Kf2 92. Rg6 Bf4 93. Rg4 Rxg4+ 0-1


[Site "https://www.chess.com"]

[Event "Titled Tuesday Blitz March 21 Early 2023"]
[White "Ter-Sahakyan, Samvel"]
[Black "Zamorano, Jorge"]
[WhiteFideId "13302531"]
[BlackFideId "173770"]
[WhiteElo "2566"]
[BlackElo "2331"]
[Result "1-0"]
[Round "02"]
[TimeControl "180+2"]
[Date "2023.03.21"]
[WhiteClock "0:01:25"]
[BlackClock "0:00:29"]

1. d4 Nf6 2. c4 e6 3. Nf3 b6 4. g3 Ba6 5. b3 Bb4+ 6. Bd2 Be7 7. Nc3 c6 8. e4 d5 9. Bd3 dxe4 10. Nxe4 Nbd7 11. O-O O-O 12. Bf4 Nxe4 13. Bxe4 Bb7 14. Ne5 Nxe5 15. Bxe5 Qd7 16. Qc2 f5 17. Bg2 c5 18. d5 exd5 19. cxd5 Bd6 20. Rfe1 f4 21. gxf4 Rxf4 22. Bxf4 Bxf4 23. Qe4 Rf8 24. Qe6+ Qxe6 25. dxe6 1-0


[Site "https://www.chess.com"]

[Event "Titled Tuesday Blitz March 21 Early 2023"]
[White "Cuenca Jimenez, Jose Fernando"]
[Black "Bok, Benjamin"]
[WhiteFideId "2255570"]
[BlackFideId "1017063"]
[WhiteElo "2429"]
[BlackElo "2658"]
[Result "0-1"]
[Round "02"]
[TimeControl "180+2"]
[Date "2023.03.21"]
[WhiteClock "0:00:03"]
[BlackClock "0:00:07"]

1. c4 Nf6 2. Nf3 c6 3. d4 d5 4. e3 Bf5 5. Nc3 e6 6. Bd3 Bg6 7. Qe2 Nbd7 8. O-O Ne4 9. Nd2 Ndf6 10. f3 Nxd2 11. Bxd2 Be7 12. Rad1 O-O 13. Bxg6 hxg6 14. Be1 Rc8 15. e4 dxc4 16. Qxc4 b5 17. Qe2 Qb6 18. Bf2 Qb7 19. e5 Nd5 20. Ne4 Rfd8 21. Rc1 Rd7 22. g3 a5 23. a3 a4 24. Rc2 Nb6 25. h4 Nc4 26. f4 Rcd8 27. Re1 Rxd4 28. Bxd4 Rxd4 29. h5 c5 30. hxg6 fxg6 31. Nc3 g5 32. Qg2 Qd7 33. fxg5 Bxg5 34. Rce2 Rd3 35. Ne4 Be3+ 36. Kh1 Qf7 37. g4 Qg6 38. Rf1 Qh7+ 39. Qh2 Qxe4+ 40. Rg2 Rd2 41. g5 Bd4 42. Qh3 Qxg2+ 43. Qxg2 Rxg2 44. Kxg2 Ne3+ 45. Kf3 Nxf1 0-1


[Site "https://www.chess.com"]

[Event "Titled Tuesday Blitz March 21 Early 2023"]
[White "Kramnik, Vladimir"]
[Black "Tregubov, Pavel V."]
[WhiteFideId "4101588"]
[BlackFideId "4115341"]
[WhiteElo "2712"]
[BlackElo "2425"]
[Result "1-0"]
[Round "02"]
[TimeControl "180+2"]
[Date "2023.03.21"]
[WhiteClock "0:00:49"]
[BlackClock "0:00:10"]

1. Nf3 d5 2. g3 c5 3. Bg2 Nc6 4. d4 Nf6 5. O-O cxd4 6. Nxd4 e5 7. Nxc6 bxc6 8. c4 Be6 9. Bg5 Rc8 10. Bxf6 gxf6 11. e3 Be7 12. cxd5 cxd5 13. Nc3 d4 14. exd4 exd4 15. Ne2 d3 16. Nf4 Bf5 17. Re1 O-O 18. Be4 d2 19. Bxf5 dxe1=Q+ 20. Qxe1 Rc5 21. Rd1 Re5 22. Qf1 Qa5 23. Bd3 Rd8 24. a3 Qb6 25. b4 f5 26. Bc4 a5 27. Nd5 Qa7 28. b5 Qc5 29. Qd3 Rd6 30. Nxe7+ 1-0


[Site "https://www.chess.com"]

[Event "Titled Tuesday Blitz March 21 Early 2023"]
[White "Alvarez Calzadilla, Jose Avelino"]
[Black "Makarian, Rudik"]
[WhiteFideId "3526151"]
[BlackFideId "44105681"]
[WhiteElo "2310"]
[BlackElo "2436"]
[Result "0-1"]
[Round "02"]
[TimeControl "180+2"]
[Date "2023.03.21"]
[WhiteClock "0:00:11"]
[BlackClock "0:00:11"]

1. e4 c5 2. Nf3 Nc6 3. Bb5 e6 4. O-O Nd4 5. Nxd4 cxd4 6. c3 a6 7. Ba4 Bc5 8. b4 Ba7 9. Bb2 dxc3 10. Nxc3 Ne7 11. d4 O-O 12. Bc2 d5 13. e5 Bd7 14. Re1 Rc8 15. Re3 g6 16. Rh3 Rc4 17. Qd2 f5 18. exf6 Rxf6 19. Ne2 Qf8 20. Nc1 e5 21. Re3 exd4 22. Re2 Bg4 23. Bd3 Bxe2 24. Nxe2 Rxf2 25. Qe1 Rf7 26. Bxc4 d3+ 27. Bd4 dxe2 28. Bxa7 Rf1+ 29. Qxf1 exf1=Q+ 30. Rxf1 dxc4 31. Rxf8+ Kxf8 32. Kf2 Nd5 33. a3 Kf7 34. Kf3 Ke6 35. Ke4 Nc3+ 36. Kd4 Nb5+ 37. Kxc4 Nxa7 38. Kc5 Nc8 39. a4 Ke5 40. b5 axb5 41. axb5 Ke6 42. g3 Ke5 43. h3 Ke6 44. g4 Ke5 45. h4 Ke6 46. h5 gxh5 47. gxh5 h6 48. Kc4 Kd6 49. Kd4 b6 50. Ke4 Ne7 51. Kd4 Nf5+ 0-1


[Site "https://www.chess.com"]

[Event "Titled Tuesday Blitz March 21 Early 2023"]
[White "Gholami Orimi, Mahdi"]
[Black "polandchessplayer"]
[WhiteFideId "12558486"]
[WhiteElo "2363"]
[BlackElo "2649"]
[Result "1-0"]
[Round "02"]
[TimeControl "180+2"]
[Date "2023.03.21"]
[WhiteClock "0:00:59"]
[BlackClock "0:00:01"]

1. d4 Nf6 2. c4 e6 3. Nc3 Bb4 4. Qc2 d5 5. cxd5 exd5 6. Bg5 O-O 7. e3 c6 8. Bd3 Nbd7 9. Bxh7+ Kh8 10. Bd3 c5 11. Ne2 c4 12. Bf5 Nb6 13. O-O g6 14. Bxc8 Rxc8 15. Nf4 Kg7 16. h4 Qd6 17. Bxf6+ Kxf6 18. h5 Kg7 19. Nb5 Qf6 20. a3 Bd6 21. Nxd6 Qxd6 22. Qe2 Rce8 23. Qg4 Nd7 24. hxg6 fxg6 25. Rae1 Re4 26. f3 Re7 27. Qg3 Re6 28. Nxe6+ Qxe6 29. e4 Rf7 30. Qg5 Nf6 31. exd5 Qxd5 32. Qxd5 Nxd5 33. Re5 Rd7 34. g3 b5 35. f4 a5 36. f5 b4 37. axb4 axb4 38. fxg6 Kxg6 39. Rff5 Nf6 40. Rf4 c3 41. bxc3 bxc3 42. Rc5 Nd5 43. Re4 Rd6 44. Kg2 Kf6 45. Kf3 Rb6 46. Rxd5 1-0


[Site "https://www.chess.com"]

[Event "Titled Tuesday Blitz March 21 Early 2023"]
[White "Indjic, Aleksandar"]
[Black "Amilal Munkhdalai"]
[WhiteFideId "911925"]
[BlackFideId "4903250"]
[WhiteElo "2614"]
[BlackElo "2293"]
[Result "1-0"]
[Round "02"]
[TimeControl "180+2"]
[Date "2023.03.21"]
[WhiteClock "0:02:15"]
[BlackClock "0:02:20"]

1. d4 Nf6 2. c4 e6 3. Nc3 Bb4 4. e3 c5 5. a3 Bxc3+ 6. bxc3 Nc6 7. Bd3 d6 8. Ne2 b6 9. e4 e5 10. O-O h6 11. f4 O-O 12. fxe5 dxe5 13. d5 Na5 14. Ng3 Ne8 15. Nh5 Nd6 16. Nf6+ gxf6 17. Qh5 f5 18. exf5 f6 19. Qg6+ Kh8 20. Qxh6+ Kg8 21. Qg6+ Kh8 22. Rf3 1-0


[Site "https://www.chess.com"]

[Event "Titled Tuesday Blitz March 21 Early 2023"]
[White "Skliarov, Viktor"]
[Black "Praggnanandhaa R"]
[WhiteFideId "14106736"]
[BlackFideId "25059530"]
[WhiteElo "2289"]
[BlackElo "2623"]
[Result "0-1"]
[Round "02"]
[TimeControl "180+2"]
[Date "2023.03.21"]
[WhiteClock "0:00:16"]
[BlackClock "0:01:18"]

1. e4 c6 2. d4 d5 3. e5 Bf5 4. Nf3 e6 5. Be2 Nd7 6. O-O h6 7. a4 Ne7 8. a5 g5 9. a6 b5 10. Ne1 Bg7 11. Nd3 Qc7 12. b3 c5 13. c3 b4 14. f4 gxf4 15. Bxf4 O-O 16. Qc1 bxc3 17. Bxh6 cxd4 18. Qg5 Ng6 19. Bxg7 Kxg7 20. h4 Bxd3 21. Bxd3 Qxe5 22. Qg4 Qe3+ 23. Rf2 Ne5 0-1


[Site "https://www.chess.com"]

[Event "Titled Tuesday Blitz March 21 Early 2023"]
[White "Tari, Aryan"]
[Black "wqws"]
[WhiteFideId "1510045"]
[WhiteElo "2583"]
[BlackElo "2631"]
[Result "1-0"]
[Round "02"]
[TimeControl "180+2"]
[Date "2023.03.21"]
[WhiteClock "0:00:07"]
[BlackClock "0:00:05"]

1. Nf3 Nf6 2. c4 e6 3. Nc3 d5 4. e3 c5 5. cxd5 exd5 6. Bb5+ Nc6 7. O-O a6 8. Bxc6+ bxc6 9. b3 Bf5 10. Ba3 Bd3 11. Re1 Bd6 12. Na4 Nd7 13. Rc1 Qe7 14. Nb2 Bg6 15. d3 O-O 16. e4 Qf6 17. Na4 dxe4 18. dxe4 Ne5 19. Nxe5 Bxe5 20. Qf3 Qxf3 21. gxf3 Bh5 22. Rxc5 f6 23. f4 Bd6 24. Rxh5 Bxa3 25. Rd1 Rfe8 26. f3 Rad8 27. Rxd8 Rxd8 28. Ra5 Rd1+ 29. Kg2 Rd2+ 30. Kh3 Rxa2 31. Rxa6 Bd6 32. Nc5 Rd2 33. Ne6 Kf7 34. e5 fxe5 35. Ng5+ Ke7 36. Ra7+ Ke8 37. Ne4 Rd4 38. Rxg7 exf4 39. Rxh7 Be7 40. Kg4 Rd3 41. h4 Rxb3 42. h5 Rb1 43. Kf5 Kd7 44. Nf6+ Kd6 45. Ne4+ Kd7 46. h6 Rh1 47. Nf6+ Kd6 48. Ne4+ Kd7 49. Nf6+ Kd6 50. Ng4 Rh5+ 51. Kg6 Rg5+ 52. Kf7 Rf5+ 53. Kg8 Rf8+ 54. Kg7 c5 55. Kg6 c4 56. Nf2 Rf6+ 57. Kh5 Rf5+ 58. Kg4 Re5 59. Ne4+ Kd7 60. Rh8 Re6 61. h7 Rh6 62. Ng5 Rh1 63. Nf7 Rg1+ 64. Kf5 Rh1 65. Ne5+ Kd6 66. Nxc4+ Kc5 67. Nb6 Kxb6 68. Rb8+ Kc7 69. h8=Q Rxh8 70. Rxh8 Bd6 71. Rh7+ Kd8 72. Ke6 Bc5 73. Rd7+ Kc8 74. Rf7 Be3 75. Ke5 Kd8 76. Rxf4 Bxf4+ 77. Kxf4 Ke7 78. Ke5 1-0


[Site "https://www.chess.com"]

[Event "Titled Tuesday Blitz March 21 Early 2023"]
[White "Fromm, Marius"]
[Black "Yilmaz, Mustafa"]
[WhiteFideId "12993190"]
[BlackFideId "6302718"]
[WhiteElo "2325"]
[BlackElo "2523"]
[Result "1-0"]
[Round "02"]
[TimeControl "180+2"]
[Date "2023.03.21"]
[WhiteClock "0:00:14"]
[BlackClock "0:00:02"]

1. e4 c5 2. Nf3 d6 3. d4 cxd4 4. Nxd4 Nf6 5. Nc3 a6 6. a3 g6 7. f3 Bg7 8. Be3 Nc6 9. Qd2 Bd7 10. g4 Rc8 11. O-O-O b5 12. h4 h5 13. g5 Nh7 14. Nd5 Nf8 15. Nxb5 Bxb2+ 16. Kxb2 Rb8 17. c4 Ne6 18. Ka1 axb5 19. cxb5 Ne5 20. f4 Ng4 21. f5 Nc5 22. Bxc5 dxc5 23. fxg6 fxg6 24. Bc4 e6 25. Nf4 Rf8 26. Rhf1 Qe7 27. Qb2 Ra8 28. Nxg6 Rxf1 29. Rxf1 Rxa3+ 30. Qxa3 Qg7+ 31. Ka2 1-0


[Site "https://www.chess.com"]

[Event "Titled Tuesday Blitz March 21 Early 2023"]
[White "Esipenko, Andrey"]
[Black "Rastbod, Ali"]
[WhiteFideId "24175439"]
[BlackFideId "12567477"]
[WhiteElo "2615"]
[BlackElo "2211"]
[Result "1-0"]
[Round "02"]
[TimeControl "180+2"]
[Date "2023.03.21"]
[WhiteClock "0:00:34"]
[BlackClock "0:00:01"]

1. d4 d5 2. c4 e6 3. Nf3 Nf6 4. g3 Be7 5. Bg2 O-O 6. O-O dxc4 7. Na3 Bxa3 8. bxa3 Nc6 9. a4 Rb8 10. Ba3 Re8 11. Rc1 b5 12. axb5 Rxb5 13. Rxc4 Bb7 14. Qc2 Rb6 15. Bc5 Ra6 16. Rb1 Ba8 17. Ra4 Qc8 18. Qc4 Rxa4 19. Qxa4 a6 20. Nd2 Nd5 21. Rc1 Qb7 22. e4 Nb6 23. Qa3 Rd8 24. Nb3 Qb8 25. Qxa6 Bb7 26. Qb5 Qa8 27. Bxb6 cxb6 28. Qxb6 Rb8 29. Rc2 Rd8 30. Rd2 Ne7 31. f3 Rb8 32. Qa5 Nc6 33. Qxa8 Bxa8 34. Bf1 Nb4 35. Nc5 Rd8 36. Kf2 1-0


[Site "https://www.chess.com"]

[Event "Titled Tuesday Blitz March 21 Early 2023"]
[White "Khumalo, Keith"]
[Black "Sjugirov, Sanan"]
[WhiteFideId "14319470"]
[BlackFideId "4189302"]
[WhiteElo "2056"]
[BlackElo "2569"]
[Result "0-1"]
[Round "02"]
[TimeControl "180+2"]
[Date "2023.03.21"]
[WhiteClock "0:00:18"]
[BlackClock "0:00:09"]

1. d4 Nf6 2. c4 e6 3. Nf3 d5 4. g3 Bb4+ 5. Bd2 Be7 6. Qc2 c6 7. Bg2 b6 8. O-O O-O 9. Bf4 Ba6 10. b3 Nbd7 11. Nc3 Rc8 12. Rfd1 Bb4 13. a3 Be7 14. e4 dxc4 15. b4 Bb7 16. Nd2 b5 17. Nf3 a5 18. Rab1 axb4 19. axb4 Ra8 20. h4 h6 21. d5 exd5 22. exd5 Nxd5 23. Nxd5 cxd5 24. Nd4 Nf6 25. Nxb5 Qb6 26. Nd4 Rfe8 27. Nf5 Bf8 28. Be3 Qc7 29. Bd4 Ne4 30. h5 Qd7 31. Bh3 Qa4 32. Qb2 Qa3 33. Qc2 Qa4 34. Qb2 Qa2 35. Qc1 Qa3 36. Qf4 Ng5 37. Bg2 Qa6 38. Qg4 Qe6 39. f4 Bc8 40. fxg5 Qxf5 41. Qxf5 Bxf5 42. Rb2 Be4 43. gxh6 gxh6 44. b5 Rab8 45. b6 Bg7 46. Bxg7 Kxg7 47. Bxe4 dxe4 48. Rc1 Rec8 49. Re2 Rxb6 50. Rxe4 c3 51. Kf2 c2 52. Re2 Rbc6 53. Kf3 Rc3+ 54. Kf4 R8c4+ 55. Re4 Rxe4+ 56. Kxe4 Kf6 57. Kf4 Rc4+ 58. Kf3 Kg5 59. g4 f6 60. Ke3 Kxg4 61. Kd3 Rc5 62. Kd2 Kxh5 63. Rg1 c1=Q+ 0-1


[Site "https://www.chess.com"]

[Event "Titled Tuesday Blitz March 21 Early 2023"]
[White "Drygalov, Sergey"]
[Black "Ozates, Tuna"]
[WhiteFideId "24171743"]
[BlackFideId "6354521"]
[WhiteElo "2533"]
[BlackElo "2151"]
[Result "1-0"]
[Round "02"]
[TimeControl "180+2"]
[Date "2023.03.21"]
[WhiteClock "0:00:18"]
[BlackClock "0:00:10"]

1. d4 Nf6 2. c4 e6 3. Nf3 d5 4. Nc3 c5 5. cxd5 Nxd5 6. e3 Be7 7. Bd3 O-O 8. O-O Nc6 9. Qe2 cxd4 10. exd4 b6 11. Qe4 f5 12. Qe2 Bf6 13. Nxd5 Qxd5 14. Bc4 Qd6 15. Rd1 Nb4 16. Bg5 Nd5 17. Bxf6 gxf6 18. Re1 Bd7 19. Rac1 Rac8 20. Nd2 Kh8 21. Bb3 Nf4 22. Qe3 Rxc1 23. Rxc1 Rg8 24. g3 Nh3+ 25. Kg2 Nf4+ 26. Kf1 Bb5+ 27. Bc4 Nd5 28. Qe2 Rc8 29. Re1 Bd7 30. Qh5 b5 31. Bb3 a5 32. Qh6 Rf8 33. Bxd5 exd5 34. Nf3 b4 35. Nh4 f4 36. Ng6+ Kg8 37. Qxf8+ Qxf8 38. Nxf8 Kxf8 39. gxf4 Bb5+ 40. Kg2 a4 41. f3 Bc4 42. a3 b3 43. Re6 Kf7 44. Rb6 Kg6 45. Rb4 Kf5 46. Kg3 h5 47. h4 Bd3 48. Rxa4 Bc4 49. Rb4 Ke6 50. a4 1-0


[Site "https://www.chess.com"]